 Dungeon Sprint DCSS version 0.14-a0-882-gdff4d47 (webtiles) character file.

67839 Bloax the Wrestler (level 14, -1/148 HPs)
             Began as a Troll Transmuter on Nov 17, 2013.
             Was a High Priest of Cheibriados.
             Slain by an illusion of Mara
             ... wielding a +0,+4 demon trident of pain
              (7 damage)
             ... in the Dungeon (Sprint IX: "|||||||||||||||||||||||||||||").
             The game lasted 00:16:43 (2317 turns).

Bloax the Wrestler (Troll Transmuter)               Turns: 2317, Time: 00:16:43

HP  -1/148       AC 27     Str 37      XL: 14   Next: 83%
MP  26/26        EV 20     Int 15 (21) God: Cheibriados [*****.]
Gold 299         SH 48     Dex 27      Spells:  1 memorised, 14 levels left

Res.Fire  : + . .   See Invis. : +     - Unarmed
Res.Cold  : . . .   Warding    : .   K - +2 storm dragon armour
Life Prot.: . . .   Conserve   : .   f - +2 large shield {AC+3}
Res.Poison: .       Res.Corr.  : .   E - +2 wizard hat
Res.Elec. : +       Clarity    : +   y - +0 cloak
Sust.Abil.: . .     Spirit.Shd : .   (gloves unavailable)
Res.Mut.  : .       Prev.Telep.: +   (boots unavailable)
Res.Rott. : .       Flight     : .   z - amulet of clarity
Gourmand  : +                        c - ring of see invisible
                                     C - ring of Xom's Passing Interest {Hunger rElec rF+ Dex+5}

@: very slow, somewhat resistant to hostile enchantments, extremely unstealthy
A: unfitting armour, claws 3, fast metabolism 3, gourmand, regeneration 2,
saprovore 2, tough skin 2, AC +1
a: Bend Time, Temporal Distortion, Slouch, Step From Time, Renounce Religion


You were in the Dungeon.
You worshipped Cheibriados.
Cheibriados was extremely pleased with you.
You were not hungry.

You visited 1 branch You collected 1911 gold pieces.
You spent 1612 gold pieces at shops.


Innate Abilities, Weirdness & Mutations

You are too large for most types of armour.
You have claws for hands.
Your metabolism is lightning-fast.
You like to eat raw meat.
You heal very quickly.
You can eat rotten meat.
You are covered in fur (AC +1).
You have very tough skin (AC +2).


   Skills:
 + Level 15.6 Fighting
 + Level 12.6 Armour
 + Level 14.3 Dodging
 + Level 12.1 Shields
 + Level 23.1 Unarmed Combat
 - Level 1.2 Spellcasting
 - Level 1.3 Transmutations
 - Level 12.8 Invocations


You had 14 spell levels left.
You knew the following spells:

 Your Spells              Type           Power        Failure   Level  Hunger
a - Beastly Appendage     Trmt           #.....       88%         1    ##.....


Dungeon Overview and Level Annotations

Branches:
Dungeon (1/1)

Altars:
Ashenzari
Cheibriados
Elyvilon
Fedhas
Kikubaaqudgha
Makhleb
Nemelex Xobeh
Okawaru
Sif Muna
Trog
Vehumet
Xom
Yredelemnul
Zin
the Shining One

Shops:
D *=*=

Annotations:
D Mara

Inventory:

Hand weapons
 J - the +7,+6 Sceptre of Torment
   (You found it in the Dungeon)
Missiles
 b - 12 arrows
 q - 3 steel tomahawks (quivered)
Armour
 f - a +2 large shield of protection (worn)
   (You took it off Mennas in the Dungeon)
 y - a +0 cloak (worn)
   (You found it in the Dungeon)
 B - a +0 cloak
   (You found it in the Dungeon)
 E - a +2 wizard hat (worn)
   (You took it off Gastronok in the Dungeon)
 K - a +2 storm dragon armour (worn)
   (You found it in the Dungeon)
Magical devices
 n - a wand of draining (2)
   (You found it in the Dungeon)
Comestibles
 a - 14 meat rations
 x - 40 strawberries
 A - 12 bread rations
Scrolls
 j - 2 scrolls of blinking
 l - 4 scrolls of remove curse
 m - 2 scrolls of amnesia
 o - 3 scrolls of fog
 u - 3 scrolls of enchant armour
 v - a scroll of identify
 I - 2 scrolls of fear
 O - 2 scrolls of recharging
Jewellery
 c - a ring of see invisible (right claw)
   (You bought it in a shop in the Dungeon)
 i - an uncursed ring of invisibility
   (You found it in the Dungeon)
 z - an amulet of clarity (around neck)
   (You bought it in a shop in the Dungeon)
 C - the ring of Xom's Passing Interest (left claw) {Hunger rElec rF+ Dex+5}
   (You bought it in a shop in the Dungeon)

   [ring of dexterity]

   It affects your dexterity (+5).
   It protects you from fire.
   It insulates you from electricity.
   It speeds your metabolism.
 D - an uncursed ring of ice
   (You bought it in a shop in the Dungeon)
 F - an uncursed ring of fire
   (You found it in the Dungeon)
 G - an uncursed ring of ice
   (You found it in the Dungeon)
Potions
 e - 8 potions of curing
 g - 2 potions of restore abilities
 h - a potion of magic
 k - a potion of invisibility
 p - 2 potions of agility
 r - 2 potions of might
 s - a potion of cure mutation
 L - 2 potions of heal wounds
 M - a potion of brilliance
Books
 d - a book of Changes

   Spells                             Type                      Level
   *Beastly Appendage                 Transmutation                1
   Sticks to Snakes                   Transmutation                2
   Spider Form                        Transmutation/Poison         3
   Ice Form                           Ice/Transmutation            4
   Blade Hands                        Transmutation                5
 t - a book of the Sky
   (You found it in the Dungeon)

   Spells                             Type                      Level
   Flight                             Charms/Air                   3
   Airstrike                          Air                          4
   Silence                            Hexes/Air                    5
   Deflect Missiles                   Charms/Air                   6
   Conjure Ball Lightning             Conjuration/Air              6
   Tornado                            Air                          9

.#'#.#.#.#.#.#.#.#
.#=#.#.#.#.#.#.#.#
.#.#.#.#.#.#.#.#.#
.#=#.#.#.#(#.#'#.#
.#.#.#.#.#.#.#.#.#
%#.#.#.#.#.#.#=#)#
.#)#.#'#.#.#.#=#R#
.#)#.#)#.#.#[#=#@#
.#)#.#%#.#'#.#.#@#
.#)#.#.#.#.#.#=#.#
.#)#.#%#.#.#.#.#R#
.#)#.#.#)#[#.#.#.#
.#)#.#.#.#)#.#.#R#
.#)#.#.#.#.#.#)#.#
.#.#.#.#(#(#.#)#.#
.#[#.#.#(#(#.#)#.#
.#[#.7'7(#)#.#)#.#


You could see 3 Maras and Bloax's illusion.


Message History

Your vision blurs momentarily.
Unknown command.
Unknown command.
Pain shoots through your body!
* * * LOW HITPOINT WARNING * * *
Mara barely misses you. Mara closely misses you. You block Mara's attack.
Things that are here:
a sabre of electrocution; a cloak; a pair of gauntlets the human corpse of Nikola Unknown command.
Unknown command.
You mangle Mara!!
Mara is moderately wounded.
You block Mara's attack.
Mara hits you with a demon trident of pain!
* * * LOW HITPOINT WARNING * * *
You writhe in agony.
* * * LOW HITPOINT WARNING * * *
Unknown command.
Use which ability? (? or * to list)
You can feel time thicken for a moment.
You feel somewhat more hungry.
Cheibriados reduces the support of your attributes as your movement quickens.
You resist. You block Mara's attack.
There is a horrible, sudden wrenching feeling in your soul!
Unknown command.
Unknown command.
Unknown command.
Use which ability? (? or * to list)
You can feel time thicken for a moment.
You feel somewhat more hungry.
Cheibriados reduces the support of your attributes as your movement quickens.
Mara weaves an illusion.
Your vision blurs momentarily.
Mara blinks!
Pain shoots through your body!
* * * LOW HITPOINT WARNING * * *
You block Bloax's illusion's attack.
Unknown command.
Unknown command.
Use which ability? (? or * to list)
You can feel time thicken for a moment.
You kill Frederick!
Cheibriados thoroughly appreciates the change of pace.
Cheibriados raises the support of your attributes as your movement slows.
You feel somewhat more hungry.
Cheibriados reduces the support of your attributes as your movement quickens.
Mara drinks a potion.
Mara is healed!
You block Mara's attack. Mara clouds your mind.
Your vision blurs momentarily.
Bloax's illusion hits you!
* * * LOW HITPOINT WARNING * * *
Unknown command.
Unknown command.
Unknown command.
Use which ability? (? or * to list)
You can feel time thicken for a moment.
You feel somewhat more hungry.
Cheibriados reduces the support of your attributes as your movement quickens.
Mara hits you from afar with a demon trident of pain.
* * * LOW HITPOINT WARNING * * *
You writhe in agony.
* * * LOW HITPOINT WARNING * * *
You block Bloax's illusion's attack.
Unknown command.
Unknown command.
Drink which item? (? for menu, Esc to quit)
Okay, then.
Use which ability? (? or * to list)
Okay, then.
Put on which piece of jewellery? (? for menu, Esc to quit)
Okay, then.
Drink which item? (? for menu, Esc to quit)
Magic courses through your body.
Mara looks slightly unstable.
Mara hits you from afar with a demon trident of pain!
You die...

Action                   |  1- 3 |  4- 6 |  7- 9 | 10-12 | 13-15 || total
-------------------------+-------+-------+-------+-------+-------++-------
Melee: Unarmed           |    16 |    11 |    77 |   214 |   138 ||   456
Throw: Tomahawk          |       |       |     2 |     4 |     3 ||     9
Invok: Slouch            |       |       |     1 |    15 |    21 ||    37
       Temporal Distorti |       |       |       |     1 |     2 ||     3
Evoke: Wand              |       |     3 |       |     1 |     1 ||     5
  Use: Potion            |       |       |     4 |     2 |     4 ||    10
       Scroll            |       |       |       |       |     1 ||     1
 Stab: Sleeping          |       |       |     1 |       |       ||     1
       Petrified         |       |       |     1 |       |       ||     1

Vault maps used:
D:        linesprint

Notes
Turn   | Place    | Note
--------------------------------------------------------------
     0 | D        | Bloax, the Troll Transmuter, began the quest for the Orb.
     0 | D        | Reached XP level 1. HP: 19/19 MP: 1/1
    10 | D        | Reached skill level 1 in Fighting
    14 | D        | Reached skill level 4 in Unarmed Combat
    21 | D        | Noticed a crimson imp
    21 | D        | Noticed a worker ant
    21 | D        | Noticed a crimson imp
    21 | D        | Noticed an iguana
    27 | D        | Killed a crimson imp
    27 | D        | Reached skill level 3 in Fighting
    27 | D        | Reached skill level 6 in Unarmed Combat
    27 | D        | Reached XP level 2. HP: 21/27 MP: 1/1
    27 | D        | Reached XP level 3. HP: 27/35 MP: 2/2
    30 | D        | Killed a worker ant
    30 | D        | Reached skill level 7 in Unarmed Combat
    31 | D        | Killed an iguana
    31 | D        | Reached skill level 2 in Dodging
    31 | D        | Reached XP level 4. HP: 34/42 MP: 3/3
    38 | D        | Killed a crimson imp
    38 | D        | Reached skill level 4 in Fighting
    38 | D        | Reached skill level 8 in Unarmed Combat
    46 | D        | Found a white marble altar of Elyvilon.
    46 | D        | Found a sparkling altar of Nemelex Xobeh.
    46 | D        | Found a deep blue altar of Sif Muna.
    46 | D        | Found a radiant altar of Vehumet.
    46 | D        | Found a shimmering altar of Xom.
    46 | D        | Found a snail-covered altar of Cheibriados.
    46 | D        | Found an iron altar of Okawaru.
    47 | D        | Found a burning altar of Makhleb.
    48 | D        | Found a blossoming altar of Fedhas.
    49 | D        | Found a basalt altar of Yredelemnul.
    50 | D        | Found a glowing silver altar of Zin.
    51 | D        | Found a shattered altar of Ashenzari.
    52 | D        | Found a glowing golden altar of the Shining One.
    53 | D        | Found a bloodstained altar of Trog.
    54 | D        | Became a worshipper of Cheibriados the Contemplative
    55 | D        | Found an ancient bone altar of Kikubaaqudgha.
    56 | D        | Found a glowing golden altar of the Shining One.
    57 | D        | Found a snail-covered altar of Cheibriados.
    84 | D        | Noticed a goliath beetle
    84 | D        | Noticed a worker ant
    84 | D        | Noticed a manticore
    84 | D        | Noticed a hill giant
    84 | D        | Noticed a hungry ghost
    84 | D        | Noticed a giant frog
    86 | D        | Killed a worker ant
    86 | D        | Reached skill level 3 in Dodging
    86 | D        | Reached XP level 5. HP: 50/50 MP: 3/3
    87 | D        | Killed a goliath beetle
    92 | D        | Killed a manticore
    92 | D        | Reached skill level 5 in Fighting
    92 | D        | Reached skill level 4 in Dodging
    92 | D        | Reached skill level 10 in Unarmed Combat
    92 | D        | Reached XP level 6. HP: 41/61 MP: 4/4
    94 | D        | Killed a hill giant
    94 | D        | Reached skill level 6 in Fighting
    94 | D        | Reached skill level 5 in Dodging
    94 | D        | Reached skill level 11 in Unarmed Combat
    94 | D        | Reached XP level 7. HP: 46/68 MP: 5/5
   101 | D        | Killed a hungry ghost
   101 | D        | Acquired Cheibriados' first power
   101 | D        | Reached skill level 6 in Dodging
   101 | D        | Reached skill level 12 in Unarmed Combat
   102 | D        | Killed a giant frog
   102 | D        | Reached skill level 7 in Fighting
   109 | D        | Noticed a manticore
   109 | D        | Noticed a centaur
   109 | D        | Noticed a killer bee
   114 | D        | Killed a manticore
   121 | D        | Killed a centaur
   121 | D        | Acquired Cheibriados' second power
   124 | D        | HP: 16/70 [killer bee (4)]
   129 | D        | Killed a killer bee
   306 | D        | Noticed an agate snail
   306 | D        | Noticed a porcupine
   306 | D        | Noticed a crocodile
   306 | D        | Noticed a yak
   306 | D        | Noticed a water moccasin
   306 | D        | Noticed a spiny frog
   307 | D        | Noticed a giant frog
   317 | D        | Killed an agate snail
   317 | D        | Reached XP level 8. HP: 62/79 MP: 5/5
   318 | D        | Killed a porcupine
   318 | D        | Acquired Cheibriados' third power
   318 | D        | Reached skill level 7 in Dodging
   318 | D        | Reached skill level 13 in Unarmed Combat
   318 | D        | Reached skill level 1 in Invocations
   329 | D        | Killed a crocodile
   329 | D        | Reached skill level 2 in Invocations
   332 | D        | Killed a yak
   332 | D        | Acquired Cheibriados' fourth power
   334 | D        | Killed a water moccasin
   334 | D        | Reached skill level 3 in Invocations
   336 | D        | HP: 14/79 [spiny frog (17)]
   339 | D        | Killed a spiny frog
   339 | D        | Reached skill level 14 in Unarmed Combat
   339 | D        | Killed a giant frog
   339 | D        | Reached skill level 4 in Invocations
   339 | D        | Reached skill level 8 in Dodging
   364 | D        | Noticed a blink frog
   364 | D        | Noticed an iguana
   364 | D        | Noticed a crocodile
   364 | D        | Noticed a crocodile
   364 | D        | Noticed a crocodile
   364 | D        | Noticed a giant slug
   365 | D        | Noticed a catoblepas
   368 | D        | Killed a blink frog
   368 | D        | Reached XP level 9. HP: 46/87 MP: 3/10
   370 | D        | Killed an iguana
   373 | D        | Noticed a blink frog
   376 | D        | Killed a crocodile
   377 | D        | Killed a crocodile
   377 | D        | Reached skill level 5 in Invocations
   381 | D        | Killed a crocodile
   411 | D        | Killed a blink frog
   411 | D        | Reached skill level 15 in Unarmed Combat
   441 | D        | Killed a giant slug
   444 | D        | Killed a catoblepas
   444 | D        | Reached skill level 9 in Dodging
   444 | D        | Reached skill level 6 in Invocations
   481 | D        | Noticed a death yak
   481 | D        | Noticed a death yak
   481 | D        | Noticed a yak
   481 | D        | Noticed a death yak
   481 | D        | Noticed a catoblepas
   481 | D        | Noticed a yak
   481 | D        | Noticed a death yak
   485 | D        | Killed a death yak
   485 | D        | Reached skill level 16 in Unarmed Combat
   485 | D        | Reached skill level 7 in Invocations
   488 | D        | Killed a death yak
   488 | D        | Reached XP level 10. HP: 57/96 MP: 13/16
   500 | D        | Killed a death yak
   500 | D        | Reached skill level 10 in Dodging
   500 | D        | Reached skill level 8 in Invocations
   501 | D        | HP: 12/96 [catoblepas (31)]
   502 | D        | Killed a catoblepas
   502 | D        | Reached skill level 17 in Unarmed Combat
   509 | D        | Killed a death yak
   510 | D        | Killed a yak
   512 | D        | Killed a yak
   513 | D        | Noticed a death yak
   518 | D        | Killed a death yak
   518 | D        | Reached skill level 9 in Invocations
   583 | D        | Noticed Eustachio
   595 | D        | Killed Eustachio
   640 | D        | Noticed an orc wizard
   640 | D        | Noticed an orc knight
   640 | D        | Noticed an orc priest
   643 | D        | Killed an orc wizard
   643 | D        | Killed an orc priest
   644 | D        | Noticed an orc warrior
   648 | D        | Noticed an orc warrior
   650 | D        | Killed an orc knight
   650 | D        | Reached skill level 11 in Dodging
   650 | D        | Reached skill level 18 in Unarmed Combat
   653 | D        | Killed an orc warrior
   653 | D        | Reached XP level 11. HP: 99/104 MP: 14/20
   659 | D        | Killed an orc warrior
   661 | D        | Noticed an orc wizard
   665 | D        | Killed an orc wizard
   725 | D        | Noticed an orc knight
   725 | D        | Noticed an orc knight
   725 | D        | Noticed an orc warrior
   725 | D        | Noticed an orc warrior
   725 | D        | Noticed an orc wizard
   725 | D        | Noticed an orc priest
   725 | D        | Noticed an orc warrior
   726 | D        | Killed an orc wizard
   726 | D        | Killed an orc priest
   727 | D        | Noticed an orc knight
   731 | D        | Killed an orc warrior
   731 | D        | Killed an orc warrior
   731 | D        | Killed an orc warrior
   732 | D        | Killed an orc knight
   733 | D        | Noticed an orc warrior
   733 | D        | Killed an orc knight
   733 | D        | Reached skill level 8 in Fighting
   733 | D        | Reached skill level 10 in Invocations
   734 | D        | Noticed an orc priest
   735 | D        | Noticed an orc warrior
   735 | D        | Killed an orc knight
   737 | D        | Killed an orc priest
   738 | D        | Noticed an orc priest
   739 | D        | Killed an orc warrior
   741 | D        | Killed an orc warrior
   745 | D        | Killed an orc priest
   825 | D        | Found Clufeqal's General Store.
   825 | D        | Noticed an iron troll
   825 | D        | Noticed a deep troll
   825 | D        | Noticed a hill giant
   825 | D        | Noticed a hill giant
   825 | D        | Noticed an ogre mage
   825 | D        | Noticed an ogre mage
   827 | D        | Noticed a hill giant
   830 | D        | Killed an iron troll
   832 | D        | Killed a deep troll
   833 | D        | Killed an ogre mage
   833 | D        | Reached skill level 12 in Dodging
   833 | D        | Killed an ogre mage
   833 | D        | Reached skill level 9 in Fighting
   833 | D        | Reached skill level 11 in Invocations
   834 | D        | Killed a hill giant
   834 | D        | Reached skill level 19 in Unarmed Combat
   835 | D        | Noticed a deep troll
   835 | D        | Killed a hill giant
   836 | D        | Found Breimien's Jewellery Shoppe.
   838 | D        | Killed a hill giant
   841 | D        | Killed a deep troll
   844 | D        | Found Apanlug's General Store.
   848 | D        | Found Vyqecw's Jewellery Shoppe.
   850 | D        | Noticed a hill giant
   851 | D        | Noticed a troll
   852 | D        | Noticed a hill giant
   853 | D        | Noticed a troll
   854 | D        | Killed a hill giant
   856 | D        | Noticed a troll
   856 | D        | Killed a troll
   866 | D        | Killed a hill giant
   866 | D        | Reached skill level 10 in Fighting
   871 | D        | Killed a troll
   871 | D        | Reached XP level 12. HP: 43/118 MP: 13/23
   873 | D        | Killed a troll
   937 | D        | Bought an uncursed ring of see invisible for 195 gold pieces
   937 | D        | Bought an uncursed amulet of clarity for 260 gold pieces
   944 | D        | Bought the ring of Xom's Passing Interest {Hunger rElec rF+ Dex+5} for 807 gold pieces
   950 | D        | Bought a scroll of enchant armour for 66 gold pieces
   950 | D        | Bought a scroll of fog for 24 gold pieces
   959 | D        | Bought an uncursed ring of ice for 260 gold pieces
   985 | D        | Noticed a wolf
   986 | D        | Noticed Grum
   988 | D        | Noticed a wolf
   988 | D        | Killed a wolf
   990 | D        | Noticed a wolf
   994 | D        | Killed Grum
   998 | D        | Killed a wolf
  1000 | D        | Killed a wolf
  1000 | D        | Reached skill level 12 in Invocations
  1035 | D        | Noticed Gastronok
  1044 | D        | Killed Gastronok
  1044 | D        | Reached skill level 13 in Dodging
  1135 | D        | Noticed a crimson imp
  1135 | D        | Noticed a troll
  1135 | D        | Noticed an orc warrior
  1135 | D        | Noticed a vampire
  1135 | D        | Noticed a yak
  1136 | D        | Noticed an eight-headed hydra
  1140 | D        | Noticed a centaur warrior
  1141 | D        | Killed a troll
  1142 | D        | Noticed a trapdoor spider
  1144 | D        | Killed an orc warrior
  1147 | D        | Killed a crimson imp
  1154 | D        | Killed a vampire
  1154 | D        | Reached skill level 1 in Armour
  1156 | D        | Noticed a brown ugly thing
  1157 | D        | Killed a yak
  1161 | D        | Killed a ten-headed hydra
  1161 | D        | Reached skill level 2 in Armour
  1165 | D        | Noticed a naga warrior
  1167 | D        | Killed a centaur warrior
  1169 | D        | Noticed a yaktaur
  1171 | D        | Noticed a green ugly thing
  1171 | D        | Killed a trapdoor spider
  1175 | D        | Killed a brown ugly thing
  1179 | D        | Noticed a slime creature
  1183 | D        | Killed a yaktaur
  1183 | D        | Reached skill level 3 in Armour
  1183 | D        | Killed a green ugly thing
  1183 | D        | Reached skill level 11 in Fighting
  1185 | D        | HP: 13/119 [naga warrior/club (18)]
  1187 | D        | HP: 6/119 [naga warrior/club (7)]
  1191 | D        | Killed a naga warrior
  1191 | D        | Reached skill level 20 in Unarmed Combat
  1192 | D        | Killed a slime creature
  1196 | D        | HP: 14/119 [poisoned by a naga warrior (splash of poison)]
  1343 | D        | Noticed a harpy
  1343 | D        | Noticed a merfolk
  1343 | D        | Noticed a merfolk
  1343 | D        | Noticed a mermaid
  1343 | D        | Noticed a merfolk
  1343 | D        | Noticed a merfolk
  1343 | D        | Noticed a manticore
  1344 | D        | Killed a harpy
  1344 | D        | Reached skill level 1 in Shields
  1345 | D        | Noticed a snapping turtle
  1346 | D        | Killed a merfolk
  1346 | D        | Reached skill level 4 in Armour
  1347 | D        | Noticed a merfolk aquamancer
  1355 | D        | Killed a merfolk
  1358 | D        | Killed a merfolk
  1360 | D        | Killed a merfolk
  1362 | D        | Killed a mermaid
  1367 | D        | Killed a manticore
  1372 | D        | Killed a snapping turtle
  1372 | D        | Reached skill level 2 in Shields
  1377 | D        | Killed a merfolk aquamancer
  1409 | D        | Noticed a giant amoeba
  1409 | D        | Noticed an eight-headed hydra
  1409 | D        | Noticed a white ugly thing
  1409 | D        | Noticed a vapour
  1409 | D        | Noticed a bog body
  1409 | D        | Noticed a seven-headed hydra
  1413 | D        | Killed a giant amoeba
  1413 | D        | Reached skill level 5 in Armour
  1413 | D        | Reached skill level 3 in Shields
  1413 | D        | Killed a vapour
  1415 | D        | Killed a ten-headed hydra
  1416 | D        | Killed a white ugly thing
  1417 | D        | Noticed a swamp drake
  1419 | D        | Killed a bog body
  1422 | D        | Killed a nine-headed hydra
  1422 | D        | Reached skill level 4 in Shields
  1424 | D        | Killed a swamp drake
  1475 | D        | Noticed a naga
  1475 | D        | Noticed a naga
  1475 | D        | Noticed a water moccasin
  1478 | D        | Noticed a water moccasin
  1483 | D        | Noticed a naga
  1486 | D        | Killed a naga
  1489 | D        | Killed a naga
  1491 | D        | Killed a water moccasin
  1492 | D        | Killed a water moccasin
  1495 | D        | Killed a naga
  1505 | D        | Noticed a formicid drone
  1505 | D        | Noticed a demonic crawler
  1505 | D        | Noticed a formicid drone
  1505 | D        | Noticed a demonic crawler
  1507 | D        | Noticed a formicid drone
  1510 | D        | Noticed a tarantella
  1511 | D        | Killed a formicid drone
  1511 | D        | Reached skill level 12 in Fighting
  1511 | D        | Reached skill level 6 in Armour
  1513 | D        | Killed a demonic crawler
  1516 | D        | Killed a formicid drone
  1517 | D        | Killed a demonic crawler
  1526 | D        | Killed a formicid drone
  1526 | D        | Reached skill level 5 in Shields
  1526 | D        | Reached XP level 13. HP: 125/130 MP: 19/25
  1527 | D        | Killed a tarantella
  1538 | D        | Noticed a trapdoor spider
  1538 | D        | Killed a trapdoor spider
  1595 | D        | Noticed Joseph
  1603 | D        | Killed Joseph
  1642 | D        | Noticed a stone giant
  1642 | D        | Noticed an orc knight
  1642 | D        | Noticed an iron troll
  1642 | D        | Noticed a fire giant
  1642 | D        | Noticed a deep troll shaman
  1644 | D        | Noticed a yaktaur captain
  1645 | D        | Noticed a hell knight
  1649 | D        | Killed a stone giant
  1650 | D        | Noticed a yaktaur captain
  1654 | D        | Killed an orc knight
  1654 | D        | Reached skill level 7 in Armour
  1655 | D        | Noticed an ettin
  1657 | D        | Noticed an ice dragon
  1659 | D        | Killed a deep troll shaman
  1659 | D        | Killed a hell knight
  1659 | D        | Reached skill level 6 in Shields
  1661 | D        | Killed an iron troll
  1663 | D        | Killed a fire giant
  1663 | D        | Reached skill level 21 in Unarmed Combat
  1664 | D        | Noticed a hell knight
  1665 | D        | Killed an ettin
  1665 | D        | Reached skill level 8 in Armour
  1667 | D        | Noticed a giant orange brain
  1667 | D        | Killed a yaktaur captain
  1667 | D        | Reached skill level 7 in Shields
  1669 | D        | HP: 23/131 [yaktaur captain/ bolt (15)]
  1669 | D        | Killed an ice dragon
  1669 | D        | Reached skill level 13 in Fighting
  1670 | D        | Killed a yaktaur captain
  1670 | D        | Killed a hell knight
  1671 | D        | Noticed an ettin
  1672 | D        | Noticed an ice dragon
  1672 | D        | Noticed an ogre mage
  1674 | D        | Killed a giant orange brain
  1676 | D        | Killed an ettin
  1676 | D        | HP: 11/132 [ice dragon/blast of cold (17)]
  1682 | D        | Killed an ice dragon
  1682 | D        | Reached skill level 9 in Armour
  1682 | D        | Reached skill level 8 in Shields
  1687 | D        | Killed an ogre mage
  1735 | D        | Noticed a yaktaur
  1735 | D        | Noticed an eight-headed hydra
  1735 | D        | Noticed an orc knight
  1735 | D        | Noticed a hill giant
  1735 | D        | Noticed an orc high priest
  1735 | D        | Noticed a vault sentinel
  1736 | D        | Noticed a giant slug
  1739 | D        | Killed a yaktaur
  1739 | D        | Killed an orc high priest
  1739 | D        | Killed a vault sentinel
  1740 | D        | Killed a nine-headed hydra
  1741 | D        | Noticed a yaktaur
  1743 | D        | Killed an orc knight
  1744 | D        | Killed a hill giant
  1746 | D        | Noticed a griffon
  1747 | D        | Noticed a freezing wraith
  1749 | D        | Noticed a vault sentinel
  1749 | D        | Killed a giant slug
  1750 | D        | Noticed an orc knight
  1753 | D        | Killed a yaktaur
  1755 | D        | Noticed a red wasp
  1756 | D        | Noticed an ironbrand convoker
  1757 | D        | Noticed a tengu reaver
  1759 | D        | Killed a griffon
  1759 | D        | Reached skill level 9 in Shields
  1762 | D        | Killed a freezing wraith
  1767 | D        | Killed a vault sentinel
  1769 | D        | Noticed a stone giant
  1769 | D        | Killed an orc knight
  1773 | D        | Killed a red wasp
  1773 | D        | Reached skill level 10 in Armour
  1777 | D        | Noticed a cyclops
  1777 | D        | Noticed a vault guard
  1777 | D        | Noticed a deep elf annihilator
  1781 | D        | Killed an ironbrand convoker
  1783 | D        | Killed a deep elf annihilator
  1783 | D        | Reached skill level 14 in Fighting
  1783 | D        | HP: 22/133 [tengu reaver/fireball (30)]
  1783 | D        | Killed a vault guard
  1783 | D        | Killed a tengu reaver
  1783 | D        | Reached skill level 22 in Unarmed Combat
  1783 | D        | Reached XP level 14. HP: 23/144 MP: 6/26
  1784 | D        | Noticed an ironheart preserver
  1785 | D        | Noticed a deep troll
  1788 | D        | Killed a stone giant
  1794 | D        | Killed a cyclops
  1794 | D        | Reached skill level 10 in Shields
  1794 | D        | Killed an ironheart preserver
  1795 | D        | HP: 33/145 [deep troll (1)]
  1797 | D        | Killed a deep troll
  1977 | D        | Noticed a hell knight
  1978 | D        | Noticed a hell knight
  1978 | D        | Noticed a hell knight
  1979 | D        | Noticed Margery
  1979 | D        | Noticed a hell knight
  1980 | D        | Noticed Mennas
  1985 | D        | Killed a hell knight
  1993 | D        | Killed Margery
  1993 | D        | Reached skill level 11 in Armour
  1995 | D        | Killed a hell knight
  1998 | D        | Killed a hell knight
  2003 | D        | Killed a hell knight
  2014 | D        | HP: 34/145 [Mennas/blessed long sword of holy wrath (18)]
  2021 | D        | Killed Mennas
  2021 | D        | Reached skill level 15 in Fighting
  2021 | D        | Reached skill level 11 in Shields
  2060 | D        | Noticed Norris
  2062 | D        | HP: 34/146 [Norris/divine providence (13)]
  2063 | D        | Paralysed by Norris for 4 turns
  2068 | D        | HP: 31/146 [Norris/battleaxe (8)]
  2072 | D        | Killed Norris
  2072 | D        | Reached skill level 12 in Armour
  2282 | D        | Noticed Jory
  2294 | D        | Killed Jory
  2294 | D        | Reached skill level 14 in Dodging
  2297 | D        | Noticed Mara
  2298 | D        | Noticed Nikola
  2299 | D        | Noticed Frederick
  2302 | D        | Noticed Mara
  2302 | D        | Noticed Mara
  2310 | D        | Killed Nikola
  2310 | D        | Reached skill level 12 in Shields
  2310 | D        | Reached skill level 23 in Unarmed Combat
  2314 | D        | Noticed Bloax's illusion
  2315 | D        | Killed Frederick
  2315 | D        | HP: 22/148 [Bloax's illusion[Mara] (30)]
  2316 | D        | HP: 5/148 [Mara/demon trident of pain (16)]
  2317 | D        | Slain by an illusion of Mara

Vanquished Creatures
  Margery (D)
  Norris (D)
  Mennas (D)
  Jory (D)
  Frederick (D)
  Nikola (D)
  A fire giant (D)
  Gastronok (D)
  2 stone giants (D)
  A deep elf annihilator (D)
  2 yaktaur captains (D)
  2 ettins (D)
  An ironheart preserver (D)
  4 hydras (D)
  A merfolk aquamancer (D)
  3 ogre magi (D)
  An ice dragon (D)
  A deep troll shaman (D)
  5 death yaks (D)
  A naga warrior (D)
  A centaur warrior (D)
  An orc high priest (D)
  2 catoblepae (D)
  6 hell knights (D)
  2 iron trolls (D)
  3 deep trolls (D)
  A giant amoeba (D)
  7 orc knights (D)
  Joseph (D)
  An ironbrand convoker (D)
  A cyclops (D)
  A harpy (D)
  A giant orange brain (D)
  A red wasp (D)
  A griffon (D)
  2 vault sentinels (D)
  7 hill giants (D)
  A spiny frog (D)
  A vapour (D)
  2 demonic crawlers (D)
  A mermaid (D)
  2 blink frogs (D)
  3 yaktaurs (D)
  4 trolls (D)
  3 formicid drones (D)
  A slime creature (D)
  A snapping turtle (D)
  A bog body (D)
  A vampire (D)
  2 trapdoor spiders (D)
  3 ugly things (D)
  Eustachio (D)
  4 yaks (D)
  Grum (D)
  A tarantella (D)
  A hungry ghost (D)
  4 merfolk (D)
  3 wolves (D)
  A freezing wraith (D)
  3 manticores (D)
  A swamp drake (D)
  A naga (shapeshifter) (D)
  8 orc warriors (D)
  3 nagas (D)
  A porcupine (D)
  4 crocodiles (D)
  A centaur (D)
  2 giant slugs (D)
  3 water moccasins (D)
  2 giant frogs (D)
  An agate snail (D)
  A killer bee (D)
  3 crimson imps (D)
  A goliath beetle (shapeshifter) (D)
  4 orc priests (D)
  2 iguanas (D)
  2 worker ants (D)
  3 orc wizards (D)
  A goliath beetle (D)
  2 boggarts (D)
  6 adders (D)
  2 giant centipedes (D)
  A green rat (D)
  A giant mite (D)
  An adder zombie (D)
  8 orcs (D)
  A goblin (D)
  A hobgoblin (D)
  A quokka (D)
  A bat (D)
  A giant gecko zombie (D)
  A jackal skeleton (D)
  A kobold skeleton (D)
  A kobold zombie (D)
  3 rats (D)
  A fungus (D)
193 creatures vanquished.

Vanquished Creatures (others)
  A tengu reaver (D)
  A vault guard (D)
  An ice dragon (D)
  A plant (D)
4 creatures vanquished.

Grand Total: 197 creatures vanquished
